[Event "KAZ-ch Women 2019"]
[Site "Almaty"]
[Date "2019.04.21"]
[Round "1.1"]
[White "Ankudinova, Yelena"]
[Black "Kamalidenova, Meruert"]
[Result "1/2-1/2"]
[ECO "A05"]
[WhiteElo "2099"]
[BlackElo "2051"]
[Annotator "NA"]
[PlyCount "75"]
[EventDate "2019.04.21"]
[EventType "tourn"]
[EventCountry "KAZ"]
[SourceTitle "playchess.com"]
[Source "ChessBase"]
[SourceQuality "1"]
[TimeControl "40/5400+30:1800+30"]

1. Nf3 Nf6 2. c4 g6 3. b3 Bg7 4. Bb2 O-O 5. g3 d6 6. Bg2 e5 7. O-O Nc6 8. Nc3 Be6 9. d4 exd4 10. Nxd4 Nxd4 11. Qxd4 c6 12. Rad1 d5 13. cxd5 Nxd5 14. Qxg7+ Kxg7 15. Nxd5+ f6 16. Nxf6 Rxf6 17. Rxd8 Rxd8 18. Bc3 Kf7 19. Be4 Bh3 20. Bxf6 Kxf6 21. Ra1 Rd2 22. Bd3 Rb2 23. f3 Be6 24. Kf2 a5 25. Ke3 a4 26. bxa4 Bxa2 27. Kd4 Rb4+ 28. Kc3 Rxa4 29. Bc2 Ra6 30. e4 Bc4 31. Rxa6 Bxa6 32. Kd4 Be2 33. f4 b6 34. Ba4 c5+ 35. Kd5 Ke7 36. e5 b5 37. Bc2 c4 38. Ke4 1/2-1/2

[Event "KAZ-ch Women 2019"]
[Site "Almaty"]
[Date "2019.04.21"]
[Round "1.2"]
[White "Nakhbayeva, Guliskhan"]
[Black "Nasybullina, Alfia"]
[Result "1/2-1/2"]
[ECO "A41"]
[WhiteElo "2303"]
[BlackElo "2065"]
[Annotator "NA"]
[PlyCount "215"]
[EventDate "2019.04.21"]
[EventType "tourn"]
[EventCountry "KAZ"]
[SourceTitle "playchess.com"]
[Source "ChessBase"]
[SourceQuality "1"]
[TimeControl "40/5400+30:1800+30"]

1. d4 d6 2. e4 g6 3. c4 Bg7 4. Nc3 Nd7 5. h3 e5 6. d5 a5 7. Bd3 Ne7 8. Nf3 Nc5 9. Bc2 f5 10. exf5 Nxf5 11. Bg5 Bf6 12. Bxf6 Qxf6 13. Nb5 O-O 14. O-O c6 15. dxc6 bxc6 16. Bxf5 Bxf5 17. Qxd6 Qxd6 18. Nxd6 Bd3 19. Rfe1 Rf6 20. Rxe5 Nd7 21. Re8+ Rxe8 22. Nxe8 Re6 23. Re1 Rxe1+ 24. Nxe1 Bxc4 25. a3 Nc5 26. Nd6 Bd5 27. f3 Kf8 28. Kf2 Ke7 29. Nc8+ Kd8 30. Nd6 Kd7 31. Ne4 Nxe4+ 32. fxe4 Bxe4 33. Ke3 Bd5 34. h4 Kd6 35. g4 Kc5 36. g5 Kc4 37. Nd3 a4 38. Nc1 Bg2 39. Kf4 Kd4 40. Ne2+ Kc4 41. Nc1 Kd4 42. Kg3 Be4 43. Kf2 Bd5 44. Ke2 Ke4 45. Kd2 Kf4 46. Nd3+ Kg4 47. Ke3 Kxh4 48. Kf4 Bb3 49. Ne5 Be6 50. Nxc6 Kh5 51. Nd4 Bc4 52. Nf3 h6 53. gxh6 Kxh6 54. Ng5 Kh5 55. Ne4 Kh4 56. Ng5 Bd5 57. Nh7 Bg2 58. Ng5 Kh5 59. Ne6 Bd5 60. Ng5 Kh6 61. Nh3 Bg2 62. Ng5 Kg7 63. Ke5 Bf1 64. Ne4 Kf7 65. Nc3 Bd3 66. Nxa4 g5 67. Nc5 Be2 68. Ne4 g4 69. Ng3 Bd1 70. Nf5 Be2 71. Kf4 Kf6 72. Ne3 Ke6 73. Nxg4 Kd5 74. Ne5 Kd4 75. Kf5 Kd5 76. Kf6 Bd1 77. Nd3 Kd4 78. Ne5 Kd5 79. Kf5 Bb3 80. Kf4 Bc2 81. Nd7 Kc4 82. b4 Kb5 83. Nc5 Bd1 84. Ke3 Kc4 85. Kd2 Bg4 86. Kc2 Bf5+ 87. Kb2 Bg6 88. Nd7 Bf5 89. Nb6+ Kb5 90. Nd5 Bg4 91. Nc3+ Kc4 92. Na2 Bd7 93. Nc3 Bc6 94. Nd1 Bf3 95. Ne3+ Kd4 96. Nc2+ Kc4 97. a4 Be4 98. b5 Bg6 99. Ne3+ Kc5 100. Nd1 Kb4 101. Nc3 Bd3 102. Nd5+ Kxa4 103. b6 Ba6 104. Kc3 Kb5 105. Kd4 Bb7 106. Ke5 Bxd5 107. Kxd5 Kxb6 108. Ke4 1/2-1/2

[Event "KAZ-ch Women 2019"]
[Site "Almaty"]
[Date "2019.04.21"]
[Round "1.3"]
[White "Sultanbek, Zeinep"]
[Black "Dauletova, Gulmira"]
[Result "0-1"]
[ECO "E04"]
[WhiteElo "1891"]
[BlackElo "2262"]
[Annotator "NA"]
[PlyCount "84"]
[EventDate "2019.04.21"]
[EventType "tourn"]
[EventCountry "KAZ"]
[SourceTitle "playchess.com"]
[Source "ChessBase"]
[SourceQuality "1"]
[TimeControl "40/5400+30:1800+30"]

1. d4 Nf6 2. c4 e6 3. Nf3 d5 4. g3 dxc4 5. Bg2 Bd7 6. Ne5 Bc6 7. Nxc6 Nxc6 8. O-O Qd7 9. e3 Rd8 10. Qe2 e5 11. Nc3 Be7 12. Qxc4 exd4 13. Bxc6 bxc6 14. exd4 O-O 15. Be3 Rb8 16. b3 Rb4 17. Qa6 Ng4 18. Qxa7 Re8 19. Rae1 Bd6 20. Qa6 Rb6 21. Qd3 Bb4 22. Bf4 Rd8 23. Re2 c5 24. d5 h6 25. d6 Bxc3 26. Re7 Rxd6 27. Qe2 Qf5 28. Bxd6 cxd6 29. Re4 h5 30. Rf4 Qd7 31. a4 d5 32. Qd3 Be5 33. Rf3 Bd4 34. Rf4 Be5 35. Rf3 g6 36. Re1 Qc7 37. h3 Nf6 38. a5 Qxa5 39. b4 cxb4 40. Kg2 Qc7 41. Rfe3 Bc3 42. R1e2 Qc4 0-1

[Event "KAZ-ch Women 2019"]
[Site "Almaty"]
[Date "2019.04.21"]
[Round "1.4"]
[White "Serikbay, Assel"]
[Black "Davletbayeva, Madina"]
[Result "1-0"]
[ECO "E06"]
[WhiteElo "2155"]
[BlackElo "2286"]
[Annotator "NA"]
[PlyCount "101"]
[EventDate "2019.04.21"]
[EventType "tourn"]
[EventCountry "KAZ"]
[SourceTitle "playchess.com"]
[Source "ChessBase"]
[SourceQuality "1"]
[TimeControl "40/5400+30:1800+30"]

1. d4 Nf6 2. c4 e6 3. g3 d5 4. Nf3 Be7 5. Bg2 O-O 6. O-O dxc4 7. Qc2 a6 8. a4 Bd7 9. Qxc4 Bc6 10. Bf4 a5 11. Nc3 Na6 12. Rae1 Nd5 13. Ne5 Nxf4 14. Bxc6 bxc6 15. Nxc6 Qe8 16. gxf4 Bd6 17. Nxa5 Bxf4 18. e3 Bd6 19. e4 Bf4 20. Re2 Qe7 21. Nc6 Qh4 22. f3 Nb8 23. Nxb8 Raxb8 24. b4 Rfd8 25. a5 Qh6 26. d5 e5 27. Kh1 Qh3 28. Rg2 Rbc8 29. Qe2 Rd6 30. a6 Ra8 31. b5 Rb6 32. Rfg1 g6 33. Na4 Rf6 34. Nc5 Qh6 35. Nd3 Be3 36. Nxe5 Bxg1 37. Ng4 Qf4 38. Nxf6+ Qxf6 39. Rxg1 Qb6 40. Rc1 Qa5 41. e5 Re8 42. Qb2 Qb6 43. Re1 Qc5 44. d6 cxd6 45. b6 Qd5 46. Kg2 Qa8 47. b7 Qb8 48. exd6 Rxe1 49. a7 Rg1+ 50. Kxg1 Qxa7+ 51. Kg2 1-0

[Event "KAZ-ch Women 2019"]
[Site "Almaty"]
[Date "2019.04.21"]
[Round "1.5"]
[White "Shauken, Aruzhan"]
[Black "Kairbekova, Amina"]
[Result "0-1"]
[ECO "E04"]
[WhiteElo "1685"]
[BlackElo "1954"]
[Annotator "NA"]
[PlyCount "84"]
[EventDate "2019.04.21"]
[EventType "tourn"]
[EventCountry "KAZ"]
[SourceTitle "playchess.com"]
[Source "ChessBase"]
[SourceQuality "1"]
[TimeControl "40/5400+30:1800+30"]

1. d4 Nf6 2. c4 e6 3. g3 d5 4. Nf3 dxc4 5. Bg2 Bd7 6. Ne5 Bc6 7. Nxc6 Nxc6 8. O-O Qd7 9. e3 Rd8 10. Qc2 b5 11. b3 Nb4 12. Qe2 cxb3 13. axb3 c6 14. Ba3 Nfd5 15. e4 Nb6 16. Rd1 Be7 17. Qd2 a5 18. Bb2 a4 19. Bc3 c5 20. dxc5 Qxd2 21. Rxd2 Rxd2 22. Nxd2 Bxc5 23. Bxg7 Rg8 24. Bf6 Rg6 25. e5 Rxf6 26. exf6 Bd4 27. Rc1 a3 28. Ne4 a2 29. Bf1 a1=Q 30. Rxa1 Bxa1 31. Bxb5+ Kf8 32. g4 N6d5 33. g5 Nc3 34. Nxc3 Bxc3 35. Kg2 Bd2 36. h4 h6 37. gxh6 Bxh6 38. Kg3 Nd5 39. Bc6 Nxf6 40. b4 Ke7 41. b5 Kd6 42. Bf3 Kc5 0-1

[Event "KAZ-ch Women 2019"]
[Site "Almaty"]
[Date "2019.04.22"]
[Round "2.1"]
[White "Kamalidenova, Meruert"]
[Black "Kairbekova, Amina"]
[Result "1/2-1/2"]
[ECO "E04"]
[WhiteElo "2051"]
[BlackElo "1954"]
[Annotator "NA"]
[PlyCount "124"]
[EventDate "2019.04.21"]
[EventType "tourn"]
[EventCountry "KAZ"]
[SourceTitle "playchess.com"]
[Source "ChessBase"]
[SourceQuality "1"]
[TimeControl "40/5400+30:1800+30"]

1. d4 Nf6 2. c4 e6 3. Nf3 d5 4. g3 dxc4 5. Bg2 Bd7 6. Ne5 Bc6 7. Nxc6 Nxc6 8. e3 Qd7 9. O-O Rd8 10. Qc2 b5 11. a4 Nb4 12. Qe2 a6 13. axb5 axb5 14. b3 cxb3 15. Nd2 Be7 16. Nxb3 O-O 17. Ba3 c6 18. Rfc1 Rc8 19. e4 Rfd8 20. Qf3 e5 21. dxe5 Ng4 22. Bh3 Nxe5 23. Qh5 Qc7 24. Bxb4 g6 25. Qe2 Bxb4 26. Bxc8 Qxc8 27. Rd1 Re8 28. Kg2 Nc4 29. Ra7 Qe6 30. Nd4 Qxe4+ 31. Qxe4 Rxe4 32. Nxc6 Bc5 33. Rb7 Re2 34. Rd8+ Kg7 35. Nd4 Re5 36. f4 Re4 37. Nxb5 Re2+ 38. Kh3 Bg1 39. Rdd7 Rxh2+ 40. Kg4 h5+ 41. Kf3 Nd2+ 42. Rxd2 Rxd2 43. Rc7 Bb6 44. Rc6 Rf2+ 45. Ke4 Bd8 46. Nd6 Re2+ 47. Kf3 Re6 48. f5 Re1 49. fxg6 fxg6 50. Ne4 g5 51. Rd6 g4+ 52. Kf2 Rxe4 53. Rxd8 Re6 54. Rd5 Kg6 55. Ra5 Rf6+ 56. Kg2 Rf5 57. Ra6+ Kg5 58. Ra8 Rd5 59. Rf8 Rd2+ 60. Kg1 Rd6 61. Kg2 Rf6 62. Ra8 Rd6 1/2-1/2

[Event "KAZ-ch Women 2019"]
[Site "Almaty"]
[Date "2019.04.22"]
[Round "2.2"]
[White "Davletbayeva, Madina"]
[Black "Shauken, Aruzhan"]
[Result "1-0"]
[ECO "C07"]
[WhiteElo "2286"]
[BlackElo "1685"]
[Annotator "NA"]
[PlyCount "93"]
[EventDate "2019.04.21"]
[EventType "tourn"]
[EventCountry "KAZ"]
[SourceTitle "playchess.com"]
[Source "ChessBase"]
[SourceQuality "1"]
[TimeControl "40/5400+30:1800+30"]

1. e4 e6 2. d4 d5 3. Nd2 c5 4. exd5 Qxd5 5. Ngf3 cxd4 6. Bc4 Qd6 7. O-O Nf6 8. Nb3 Nc6 9. Nbxd4 Nxd4 10. Nxd4 a6 11. Re1 Qc7 12. Bf1 Bd7 13. Bg5 O-O-O 14. Re3 Bc6 15. Rd3 Bc5 16. Nxc6 Qxc6 17. Qf3 Qxf3 18. Rxf3 Be7 19. Re1 h6 20. Bh4 Kb8 21. h3 Rhf8 22. Rb3 Ka7 23. Be2 g5 24. Bg3 Ne4 25. Bf3 Nc5 26. Rc3 Rd7 27. Rc4 b5 28. Rc3 Na4 29. Rc6 Nxb2 30. Rb1 Na4 31. c4 b4 32. Rd1 Rfd8 33. Rxd7+ Rxd7 34. Rc8 Kb6 35. Rc6+ Ka7 36. Rc8 Kb6 37. Bb8 Nc5 38. Rc6+ Kb7 39. Be5 Ka7 40. Bc7 Na4 41. Ba5 Bd8 42. Bxb4 a5 43. Bf8 Rd2 44. c5 Rb2 45. Bd6 Bf6 46. Rc8 Ka6 47. Bc6 1-0

[Event "KAZ-ch Women 2019"]
[Site "Almaty"]
[Date "2019.04.22"]
[Round "2.3"]
[White "Dauletova, Gulmira"]
[Black "Serikbay, Assel"]
[Result "1/2-1/2"]
[ECO "B42"]
[WhiteElo "2262"]
[BlackElo "2155"]
[Annotator "NA"]
[PlyCount "94"]
[EventDate "2019.04.21"]
[EventType "tourn"]
[EventCountry "KAZ"]
[SourceTitle "playchess.com"]
[Source "ChessBase"]
[SourceQuality "1"]
[TimeControl "40/5400+30:1800+30"]

1. e4 c5 2. Nf3 e6 3. d4 cxd4 4. Nxd4 a6 5. Bd3 Nf6 6. O-O d6 7. c4 Be7 8. Nc3 O-O 9. Be3 b6 10. f4 Qc7 11. g4 Nbd7 12. g5 Ne8 13. Qh5 Nc5 14. Bc2 g6 15. Qh6 f5 16. exf5 exf5 17. Nd5 Qb7 18. Nc6 Rf7 19. Ncxe7+ Rxe7 20. Rae1 Re6 21. b4 Ne4 22. Bb3 a5 23. Nxb6 Nd2 24. c5 Nxf1 25. Rxf1 Rb8 26. Bd5 Qf7 27. Nxc8 Rxc8 28. Rc1 axb4 29. Kf2 dxc5 30. Bxc5 Ng7 31. Qh3 Re2+ 32. Kxe2 Qxd5 33. Qb3 Qxb3 34. axb3 Ne6 35. Be3 Nd4+ 36. Kd3 Rxc1 37. Bxc1 Nxb3 38. Be3 Na5 39. Bd2 Nc6 40. Kc4 b3 41. Bc3 Nd8 42. Kxb3 Ne6 43. Be5 Nc5+ 44. Kc4 Ne4 45. Kd5 Kf7 46. Bd4 Nd2 47. h3 Ne4 1/2-1/2

[Event "KAZ-ch Women 2019"]
[Site "Almaty"]
[Date "2019.04.22"]
[Round "2.4"]
[White "Nasybullina, Alfia"]
[Black "Sultanbek, Zeinep"]
[Result "0-1"]
[ECO "D32"]
[WhiteElo "2065"]
[BlackElo "1891"]
[Annotator "NA"]
[PlyCount "64"]
[EventDate "2019.04.21"]
[EventType "tourn"]
[EventCountry "KAZ"]
[SourceTitle "playchess.com"]
[Source "ChessBase"]
[SourceQuality "1"]
[TimeControl "40/5400+30:1800+30"]

1. d4 d5 2. c4 e6 3. Nf3 c5 4. cxd5 exd5 5. Nc3 Nc6 6. e3 Nf6 7. Be2 Be7 8. O-O O-O 9. a3 a6 10. dxc5 Bxc5 11. b4 Ba7 12. Na4 b5 13. Nc5 Ne4 14. Bb2 Nxc5 15. bxc5 Bb7 16. Nd4 Ne7 17. Nb3 Rc8 18. Bg4 Rc6 19. Qd4 Rg6 20. Bh5 Nf5 21. Qf4 Rg5 22. Bf3 Bb8 23. Qb4 Nh4 24. Kh1 Nxf3 25. gxf3 d4 26. Nxd4 Qxd4 27. e4 Qd7 28. Rg1 Qh3 29. Rg3 Bxg3 30. fxg3 Rxg3 31. Qd2 Rg6 32. Qc3 Qg2# 0-1

[Event "KAZ-ch Women 2019"]
[Site "Almaty"]
[Date "2019.04.22"]
[Round "2.5"]
[White "Ankudinova, Yelena"]
[Black "Nakhbayeva, Guliskhan"]
[Result "0-1"]
[ECO "D02"]
[WhiteElo "2099"]
[BlackElo "2303"]
[Annotator "NA"]
[PlyCount "89"]
[EventDate "2019.04.21"]
[EventType "tourn"]
[EventCountry "KAZ"]
[SourceTitle "playchess.com"]
[Source "ChessBase"]
[SourceQuality "1"]
[TimeControl "40/5400+30:1800+30"]

1. d4 d5 2. Nf3 Nf6 3. c4 e6 4. cxd5 exd5 5. Nc3 c6 6. Qc2 g6 7. Bg5 Be7 8. e3 Bf5 9. Bd3 Bxd3 10. Qxd3 O-O 11. Bxf6 Bxf6 12. b4 a6 13. a4 Be7 14. Rb1 b5 15. O-O a5 16. axb5 axb4 17. Ne2 Ra3 18. Rb3 Qa5 19. bxc6 Nxc6 20. Rc1 Qa4 21. Nd2 Na5 22. Rxa3 bxa3 23. Nc3 Rc8 24. Qb1 Qd7 25. Na2 Nc4 26. Nb3 Rb8 27. Qc2 Qa4 28. Na1 Qxc2 29. Rxc2 Rb1+ 30. Rc1 Rb2 31. Rc2 Bb4 32. Kf1 Bd2 33. Ke2 Rb1 34. e4 Rxa1 35. exd5 Ba5 36. Rxc4 Rxa2+ 37. Kf3 Kf8 38. d6 Ke8 39. Ra4 Bd8 40. Ra7 h5 41. g3 Bf6 42. Ke3 Ra1 43. Ke4 a2 44. Kd5 Bxd4 45. Ke4 0-1

[Event "KAZ-ch Women 2019"]
[Site "Almaty"]
[Date "2019.04.23"]
[Round "3.1"]
[White "Nakhbayeva, Guliskhan"]
[Black "Kamalidenova, Meruert"]
[Result "1-0"]
[ECO "E71"]
[WhiteElo "2303"]
[BlackElo "2051"]
[Annotator "NA"]
[PlyCount "101"]
[EventDate "2019.04.21"]
[EventType "tourn"]
[EventCountry "KAZ"]
[SourceTitle "playchess.com"]
[Source "ChessBase"]
[SourceQuality "1"]
[TimeControl "40/5400+30:1800+30"]

1. d4 Nf6 2. c4 g6 3. Nc3 Bg7 4. e4 d6 5. h3 O-O 6. Bg5 c5 7. d5 e6 8. Bd3 exd5 9. exd5 Re8+ 10. Nge2 Nbd7 11. f4 h6 12. Bh4 Qa5 13. O-O a6 14. a4 Qc7 15. Qc2 b6 16. Rae1 Nf8 17. Bxf6 Bxf6 18. f5 g5 19. Ne4 Rxe4 20. Bxe4 Bd7 21. Bd3 Rb8 22. Nc3 Nh7 23. Kh1 Qd8 24. Ne4 Kg7 25. b3 Qc7 26. Ng3 Rf8 27. Nh5+ Kh8 28. Qe2 Qd8 29. Bc2 Re8 30. Qd3 Rxe1 31. Rxe1 Qg8 32. a5 b5 33. cxb5 Bxb5 34. Qg3 Qd8 35. Bd3 Bxd3 36. Qxd3 Qc8 37. Qc4 Kg8 38. Qa4 Qxf5 39. Qe8+ Nf8 40. Qe4 Qf2 41. Qe2 Bd4 42. Qxf2 Bxf2 43. Re8 f5 44. Ra8 Kf7 45. Rxa6 Be1 46. Ra7+ Kg6 47. g4 fxg4 48. hxg4 Bc3 49. a6 Bd4 50. Rg7+ Bxg7 51. a7 1-0

[Event "KAZ-ch Women 2019"]
[Site "Almaty"]
[Date "2019.04.23"]
[Round "3.2"]
[White "Sultanbek, Zeinep"]
[Black "Ankudinova, Yelena"]
[Result "1-0"]
[ECO "D02"]
[WhiteElo "1891"]
[BlackElo "2099"]
[Annotator "NA"]
[PlyCount "77"]
[EventDate "2019.04.21"]
[EventType "tourn"]
[EventCountry "KAZ"]
[SourceTitle "playchess.com"]
[Source "ChessBase"]
[SourceQuality "1"]
[TimeControl "40/5400+30:1800+30"]

1. d4 d5 2. Nf3 Nf6 3. g3 b5 4. Bg2 e6 5. O-O c5 6. a4 b4 7. c4 bxc3 8. Nxc3 Nc6 9. Bg5 Bb7 10. Rc1 Rc8 11. dxc5 Nb4 12. Be3 Bxc5 13. Bxc5 Rxc5 14. Qd4 Rc4 15. Qxa7 Qe7 16. Ne5 Rc8 17. Nb5 O-O 18. Qb6 Ba6 19. Rxc8 Rxc8 20. Nd6 Ra8 21. Qxb4 Ne8 22. Nexf7 Nxd6 23. Qxd6 Kxf7 24. Qf4+ Qf6 25. Qc7+ Qe7 26. Rc1 Ra7 27. Qf4+ Qf6 28. Rc7+ Rxc7 29. Qxc7+ Qe7 30. Qxe7+ Kxe7 31. e3 Kd6 32. Bf1 Bc8 33. b4 e5 34. f4 d4 35. fxe5+ Kxe5 36. exd4+ Kxd4 37. a5 Kc3 38. b5 Kb4 39. a6 1-0

[Event "KAZ-ch Women 2019"]
[Site "Almaty"]
[Date "2019.04.23"]
[Round "3.3"]
[White "Serikbay, Assel"]
[Black "Nasybullina, Alfia"]
[Result "1-0"]
[ECO "A41"]
[WhiteElo "2155"]
[BlackElo "2065"]
[Annotator "NA"]
[PlyCount "143"]
[EventDate "2019.04.21"]
[EventType "tourn"]
[EventCountry "KAZ"]
[SourceTitle "playchess.com"]
[Source "ChessBase"]
[SourceQuality "1"]
[TimeControl "40/5400+30:1800+30"]

1. d4 d6 2. Nf3 g6 3. c4 Bg7 4. Nc3 Nd7 5. g3 e5 6. Bg2 Ne7 7. O-O O-O 8. e4 exd4 9. Nxd4 Nc6 10. Nde2 Nde5 11. b3 f5 12. f4 Ng4 13. h3 Nh6 14. c5 fxe4 15. cxd6 Qxd6 16. Qxd6 cxd6 17. Rb1 Nd4 18. Rd1 Nxe2+ 19. Nxe2 Rd8 20. g4 d5 21. Be3 Be6 22. Rbc1 Rdc8 23. Rxc8+ Rxc8 24. Bxa7 Nf7 25. Nd4 Bd7 26. a4 Nd6 27. Ne2 Be6 28. Bd4 Bh6 29. Be3 Bf7 30. Kf2 Bf8 31. Rc1 Ra8 32. Rc7 b5 33. Ra7 Rxa7 34. Bxa7 bxa4 35. bxa4 Nc4 36. Bd4 Bb4 37. Nc3 Na3 38. Na2 Ba5 39. Nc1 Nc2 40. Bc5 Be8 41. Nb3 Be1+ 42. Ke2 Bxa4 43. Nd4 Bc3 44. Nxc2 Bxc2 45. Ke3 Bb2 46. Bf1 Bb3 47. Bd6 Kf7 48. h4 Ke6 49. Bc7 Bc2 50. Kd2 Bb1 51. Bb5 d4 52. Bc4+ Kd7 53. Be5 e3+ 54. Ke2 Kc6 55. Bd3 Ba2 56. f5 gxf5 57. Bxf5 Bc4+ 58. Bd3 Bg8 59. Bf4 Bc1 60. g5 Bf7 61. Bxh7 Kc5 62. Be5 Kc4 63. Bd3+ Kc3 64. g6 Bb3 65. Bc7 Ba3 66. Ba5+ Kb2 67. g7 Kc1 68. h5 Be7 69. h6 Bf6 70. Bb4 Bd1+ 71. Ke1 Bb3 72. Ba3# 1-0

[Event "KAZ-ch Women 2019"]
[Site "Almaty"]
[Date "2019.04.23"]
[Round "3.4"]
[White "Shauken, Aruzhan"]
[Black "Dauletova, Gulmira"]
[Result "0-1"]
[ECO "E04"]
[WhiteElo "1685"]
[BlackElo "2262"]
[Annotator "NA"]
[PlyCount "72"]
[EventDate "2019.04.21"]
[EventType "tourn"]
[EventCountry "KAZ"]
[SourceTitle "playchess.com"]
[Source "ChessBase"]
[SourceQuality "1"]
[TimeControl "40/5400+30:1800+30"]

1. d4 Nf6 2. c4 e6 3. g3 d5 4. Nf3 dxc4 5. Bg2 a6 6. O-O Nc6 7. Bg5 Be7 8. e3 Bd7 9. Nbd2 b5 10. a4 Rb8 11. axb5 axb5 12. Ne5 Nxe5 13. dxe5 Nd5 14. Bxe7 Qxe7 15. b3 c3 16. Nb1 Qc5 17. Qg4 g6 18. Rc1 b4 19. Nd2 f5 20. exf6 Nxf6 21. Ne4 Nxe4 22. Bxe4 Rf8 23. Rd1 Rf7 24. Ra6 Kf8 25. Rxd7 Rxd7 26. Qxe6 Rd6 27. Rxd6 Qxd6 28. Qc4 Rd8 29. Kg2 Qe7 30. h4 Rd2 31. Qc6 Qf7 32. Bf3 c2 33. Qc5+ Qe7 34. Qc4 c5 35. Be4 c1=Q 36. Qxc1 Qxe4+ 0-1

[Event "KAZ-ch Women 2019"]
[Site "Almaty"]
[Date "2019.04.23"]
[Round "3.5"]
[White "Kairbekova, Amina"]
[Black "Davletbayeva, Madina"]
[Result "1/2-1/2"]
[ECO "C55"]
[WhiteElo "1954"]
[BlackElo "2286"]
[Annotator "NA"]
[PlyCount "65"]
[EventDate "2019.04.21"]
[EventType "tourn"]
[EventCountry "KAZ"]
[SourceTitle "playchess.com"]
[Source "ChessBase"]
[SourceQuality "1"]
[TimeControl "40/5400+30:1800+30"]

1. e4 e5 2. Nf3 Nc6 3. d4 exd4 4. Bc4 Nf6 5. Ng5 d5 6. exd5 Qe7+ 7. Kf1 Ne5 8. Qxd4 Nxc4 9. Qxc4 Qc5 10. Qe2+ Be7 11. c4 b5 12. b3 O-O 13. Ba3 b4 14. Bb2 Bf5 15. Nd2 Rfe8 16. Nge4 Nxe4 17. Nxe4 Bxe4 18. Qxe4 Bf6 19. Qc2 Bxb2 20. Qxb2 c6 21. dxc6 Qxc6 22. h4 Rad8 23. Rh3 Qe4 24. Kg1 Qf4 25. c5 Rd2 26. Rf3 Qh6 27. Qc1 Rxa2 28. Re3 Rxe3 29. Rxa2 Rc3 30. Qxh6 gxh6 31. Rxa7 Rxb3 32. Rb7 Rc3 33. Rxb4 1/2-1/2

[Event "KAZ-ch Women 2019"]
[Site "Almaty"]
[Date "2019.04.24"]
[Round "4.3"]
[White "Nasybullina, Alfia"]
[Black "Shauken, Aruzhan"]
[Result "1-0"]
[ECO "C07"]
[WhiteElo "2065"]
[BlackElo "1685"]
[Annotator "NA RC"]
[PlyCount "61"]
[EventDate "2019.04.21"]
[EventType "tourn"]
[EventCountry "KAZ"]
[SourceTitle "playchess.com"]
[Source "ChessBase"]
[SourceQuality "1"]
[TimeControl "40/5400+30:1800+30"]

1. e4 e6 2. d4 d5 3. Nd2 c5 4. exd5 Qxd5 5. Ngf3 cxd4 6. Bc4 Qd6 7. O-O Nf6 8. Nb3 Nc6 9. Nbxd4 Nxd4 10. Nxd4 a6 11. Re1 Qc7 12. Bf1 {[%emt 0:00:08] C07: French Tarrasch: 3...c5, 4 Ngf3 and 4 exd5 Qxd5} Be7 13. Qf3 O-O 14. Bf4 Qb6 (14... Bd6 15. Bxd6 Qxd6 16. Rad1 Qc7 17. c4 Rb8 18. Qg3 Qxg3 19. hxg3 Bd7 {½-½ (61) Karjakin,S (2773)-Duda,J (2737) chess.com INT 2018}) 15. Rad1 Bd7 $146 ({Predecessor:} 15... Rd8 16. Nf5 Bf8 17. Rxd8 Qxd8 18. Rd1 Bd7 19. Bg5 exf5 20. Bxf6 {0-1 (52) Serna,J (2036)-Ruiz Castillo,J (2374) Brownsville 2016}) 16. b3 Rac8 17. c4 Bc5 18. Be5 Ne8 19. Nc2 Bc6 20. Qg3 a5 21. a3 f6 22. Ba1 Nc7 23. b4 axb4 24. axb4 Be7 25. Bd4 Qa6 26. b5 Qa4 27. bxc6 Qxc2 (27... Qxc6 $142 28. Bd3 Bd6) 28. cxb7 Rcd8 29. Qxc7 Bb4 $18 30. Bxf6 Rxf6 31. Rxd8+ 1-0

[Event "KAZ-ch Women 2019"]
[Site "Almaty"]
[Date "2019.04.24"]
[Round "4.5"]
[White "Nakhbayeva, Guliskhan"]
[Black "Sultanbek, Zeinep"]
[Result "1-0"]
[ECO "E71"]
[WhiteElo "2303"]
[BlackElo "1891"]
[Annotator "NA RC"]
[PlyCount "81"]
[EventDate "2019.04.21"]
[EventType "tourn"]
[EventCountry "KAZ"]
[SourceTitle "playchess.com"]
[Source "ChessBase"]
[SourceQuality "1"]
[TimeControl "40/5400+30:1800+30"]

1. d4 Nf6 2. c4 g6 3. Nc3 Bg7 4. e4 d6 5. h3 O-O 6. Bg5 c5 7. d5 e6 8. Bd3 exd5 9. exd5 Nbd7 10. Nf3 Re8+ 11. Kf1 a6 12. a4 Ne5 {[%emt 0:09:07] E71: King's Indian: 4 e4 d6 5 h3} (12... h6 13. Be3 Ne5 14. Nxe5 Rxe5 15. Qd2 Qf8 16. g4 Nh7 17. Bf4 f5 18. Bxe5 Bxe5 19. Qe2 Kg7 20. gxf5 Bxf5 {1-0 (51) Aleksandrov,A (2607)-Belozerov,A (2523) Pavlodar 2012}) 13. Nxe5 Rxe5 14. Qd2 Bf5 15. Bxf5 Rxf5 16. Re1 h6 $146 ({Predecessor:} 16... Qb6 17. g4 Rxg5 18. Qxg5 Qxb2 19. Re3 Nd7 20. Ne4 {1-0 (77) Sotnikov,I (2440)-Filippov,V (2455) Moscow 1995}) 17. Bxh6 Bxh6 18. Qxh6 Nh5 19. Kg1 Qh4 20. Qd2 ({Worse is} 20. Ne4 Re5 $17) 20... Rf4 21. g4 Qg5 22. Ne4 {[%emt 0:02:33] Double Attack} Rxe4 23. Qxg5 Rxe1+ 24. Kg2 Re5 25. Qd2 Nf6 26. Re1 Rae8 27. Rxe5 Rxe5 28. b4 Ne4 29. Qb2 cxb4 30. Qxb4 Re7 31. Qb6 Rd7 32. Qa7 Nc5 33. Qb8+ Kg7 34. Qe8 g5 35. a5 Kf6 36. Qh8+ Ke7 37. Qg7 $18 Kd8 38. Qxg5+ Re7 39. h4 Ne4 40. Qg8+ Kd7 41. h5 1-0

[Event "KAZ-ch Women 2019"]
[Site "Almaty"]
[Date "2019.04.25"]
[Round "5.1"]
[White "Sultanbek, Zeinep"]
[Black "Kamalidenova, Meruert"]
[Result "0-1"]
[ECO "E67"]
[WhiteElo "1891"]
[BlackElo "2051"]
[Annotator "NA RC"]
[PlyCount "108"]
[EventDate "2019.04.21"]
[EventType "tourn"]
[EventCountry "KAZ"]
[SourceTitle "playchess.com"]
[Source "ChessBase"]
[SourceQuality "1"]
[TimeControl "40/5400+30:1800+30"]

1. d4 Nf6 2. Nf3 g6 3. c4 Bg7 4. g3 O-O 5. Bg2 d6 6. O-O Nbd7 7. Nc3 e5 8. Qd2 {[%emt 0:05:24] E67: King's Indian: Fianchetto: 6...Nbd7} (8. e4 exd4 9. Nxd4 Nc5 10. h3 Re8 11. Re1 Bd7 12. Rb1 h6 13. b4 Ne6 14. Nxe6 Bxe6 15. Nd5 a5 16. a3 axb4 17. axb4 Nxd5 18. cxd5 Bd7 19. Bb2 Bxb2 20. Rxb2 Qf6 {½-½ (30) Howell,D (2693)-Ganguly,S (2633) Astana 2019}) 8... Re8 9. b3 exd4 10. Nxd4 Nc5 11. Bb2 a5 12. Rad1 Bd7 13. Ncb5 $146 ({Predecessor:} 13. Rfe1 Nfe4 14. Nxe4 Nxe4 15. Qc2 f5 16. e3 Qe7 17. Ne2 Bc6 {½-½ (76) Lim,Z (2164)-Galliano,A (2101) Crawley 2013}) 13... h5 14. Qf4 Nfe4 15. Nc3 (15. f3 $5 Nf6 16. e4 $11) 15... Nxc3 16. Bxc3 Qe7 17. Nb5 Bxb5 18. Bxg7 Kxg7 19. cxb5 Qxe2 20. b6 Qe5 21. Qc4 (21. bxc7 $15 Qxf4 22. gxf4) 21... c6 ({Don't do} 21... cxb6 22. Qb5 $15) 22. f4 Qe3+ 23. Kh1 d5 24. Qc2 Ne4 25. f5 h4 $2 (25... g5 $19 26. f6+ Kh6) 26. gxh4 Qh6 27. fxg6 fxg6 28. Bxe4 Rxe4 29. Qf2 Qxh4 30. Qf7+ {[%emt 0:01:41] Double Attack} Kh6 31. Rd2 {[%emt 0:07:37] [#]} (31. Rg1 $15 Rg4 32. Rxg4 Qxg4 33. Re1) 31... Re1 $1 32. Rg2 (32. Rdf2 {was necessary.} Rae8 33. Qf3) 32... Rxf1+ 33. Qxf1 Re8 34. Rg3 Qe4+ 35. Kg1 Qd4+ 36. Kh1 Qe4+ 37. Kg1 Qe1 38. Rf3 Qxf1+ 39. Kxf1 Kg7 40. Rc3 Kf7 41. Kf2 Rh8 42. Kg3 Ke7 43. h3 Kd6 44. Kg4 Rh5 45. Rf3 Re5 46. Rf6+ Re6 47. Rf7 Re7 48. Rf6+ Kc5 49. Rxg6 d4 50. Rf6 d3 51. Rf1 Kd4 52. h4 d2 53. Rd1 Kd3 $19 54. h5 Kc2 0-1